 Dungeon Crawl Stone Soup version 0.19-a0-944-gb338e1e (webtiles) character file.

70 Charly the Ruffian (level 4, -1/38 HPs)
             Began as a Ghoul Monk on July 8, 2016.
             Slain by an orc
             ... wielding a +0 flail
              (5 damage)
             ... on level 2 of the Dungeon.
             The game lasted 00:10:28 (622 turns).

Charly the Ruffian (Ghoul Monk)                      Turns: 622, Time: 00:10:29

Health: -1/38      AC:  2    Str: 14    XL:     4   Next: 22%
Magic:  3/3        EV: 13    Int:  5    God:
Gold:   72         SH:  0    Dex: 12    Spells: 0 memorised, 3 levels left

rFire  . . .     SeeInvis .       - Unarmed
rCold  + . .     Gourm    .     a - +0 robe
rNeg   + + +     Faith    .     (no shield)
rPois  ∞         Spirit   .     (no helmet)
rElec  .         Dismiss  .     (no cloak)
rCorr  .         Reflect  .     (no gloves)
SustAt .         Harm     .     (no boots)
MR     .....                    (no amulet)
Stlth  ++........               (no ring)
                                d - ring of flight

@: rotting, not resistant to hostile enchantments, unstealthy
A: rotting body, claws 1, carnivore 3, cold resistance 1, negative energy
resistance 3, slow regeneration 1, torment resistance, unbreathing
a: Evoke Flight


You were on level 2 of the Dungeon.
You were not hungry.

You visited 1 branch of the dungeon, and saw 5 of its levels.

You collected 72 gold pieces.

Inventory:

Armour
 a - a +0 robe (worn)
Jewellery
 d - a ring of flight (left claw)
Wands
 i - a wand of enslavement (0/24)
Scrolls
 f - a scroll of teleportation {unknown}
 g - a scroll of remove curse {unknown}
 j - a scroll of enchant weapon {unknown}
 k - a scroll of identify {unknown}
 l - a scroll of enchant armour {unknown}
 m - a scroll of magic mapping {unknown}
 n - a scroll of immolation {unknown}
 o - a scroll of recharging {unknown}
 p - a scroll of amnesia {unknown}
Potions
 c - a potion of resistance {unknown}
 e - a potion of curing {unknown}
 h - a potion of lignification {unknown}
Comestibles
 b - a meat ration


   Skills:
 - Level 3.4 Fighting
 - Level 2.8 Dodging
 - Level 2.1 Stealth
 + Level 5.2 Unarmed Combat


You had 3 spell levels left.
You didn't know any spells.

Dungeon Overview and Level Annotations

Branches:
Dungeon (5/15)
 Temple: D:4-7

Altars:


Innate Abilities, Weirdness & Mutations

Your body is rotting away.
You thrive on raw meat.
You are immune to poison.
You have sharp fingernails.
You are carnivorous and can eat meat at any time.
Your flesh is cold resistant. (rC+)
You are immune to negative energy. (rN+++)
You regenerate slowly when monsters are visible.
You are immune to unholy pain and torment.
You can survive without breathing.


Message History

You see here a stone.
You see here 2 stones.
There is a stone staircase leading up here.
The orc hits you with a flail!
* * * LOW HITPOINT WARNING * * *
You climb upwards.
A giant cockroach comes into view.
Found 19 gold pieces.
There is a stone staircase leading down here.
You scratch the orc.
The orc is heavily wounded.
The giant cockroach bites you.
* * * LOW HITPOINT WARNING * * *
You closely miss the orc.
The orc is heavily wounded.
The orc closely misses you. The giant cockroach barely misses you.
You closely miss the orc.
The orc is heavily wounded.
The giant cockroach closely misses you. The orc hits you with a flail.
You die...

.......### ......##
......# ......#
######### ..###.# #
#........ ......##.#.
#........ ...........
#........
............####o.......
.##.†..........s@.$..$..
.##.###..#######........
.##.....## #........
..#..###### #........
..........## #........
...........## #........
............# #########
........[...####
...............#


You could see an orc and a giant cockroach.

Vanquished Creatures
  2 adders
  An ooze (D:3)
  An adder skeleton (D:4)
  3 dart slugs
  2 giant geckos
  An orc (D:3)
  2 giant cockroaches (D:3)
  2 goblins (D:1)
  5 hobgoblins
  A quokka (D:4)
  A ball python (D:1)
  6 bats
  A giant newt (D:1)
  5 kobolds
  3 rats
36 creatures vanquished.

Vanquished Creatures (collateral kills)
  An orc (D:3)
1 creature vanquished.

Grand Total: 37 creatures vanquished

Notes
Turn   | Place    | Note
-------+----------+-------------------------------------------
     0 | D:1      | Charly the Ghoul Monk began the quest for the Orb.
     0 | D:1      | Reached XP level 1. HP: 19/19 MP: 0/0
    76 | D:1      | Reached XP level 2. HP: 25/26 MP: 1/1
   156 | D:2      | Reached skill level 4 in Unarmed Combat
   178 | D:2      | Reached XP level 3. HP: 21/30 MP: 2/2
   416 | D:2      | You fall through a shaft for 2 floors!
   466 | D:5      | Entered Level 5 of the Dungeon
   482 | D:4      | Reached skill level 5 in Unarmed Combat
   482 | D:4      | Reached XP level 4. HP: 7/37 MP: 3/3
   529 | D:5      | Noticed a water moccasin
   622 | D:2      | Slain by an orc

Vault maps used:
D:1:      elethiomel_arrival_infinity_welcomes_careful_drivers,
          serial_park_tiny_1
D:2:      first_bread
D:3:      uniq_crazy_yiuf_cottage
D:5:      minmay_misc_feat_four_crosses

Skill      XL: |  1  2  3 |
---------------+----------+-----
Unarmed Combat | 4 5 |  5.2
Fighting       | |  3.4
Dodging        | |  2.8
Stealth        | |  2.1

Action                   |  1- 3 |  4- 6 || total
-------------------------+-------+-------++-------
Melee: Unarmed           |    85 |    18 ||   103
       Punch             |     1 |     1 ||     2
Evoke: Wand              |     2 |       ||     2
 Stab: Sleeping          |     3 |       ||     3
  Eat: Chunk             |     6 |     2 ||     8
       Beef jerky        |     1 |       ||     1
Armor: Robe              |    26 |     1 ||    27
Dodge: Dodged            |    52 |    11 ||    63
